 Dungeon Crawl Stone Soup version 0.23.2-1-ga50397a6bc (webtiles) character file.

Game seed: 14680172256786391971

2624 Banto the Carver (level 9, -2/67 HPs)
             Began as a Demigod Wanderer on Apr 17, 2019.
             Slain by Gastronok (24 damage)
             ... on level 8 of the Dungeon.
             The game lasted 00:11:39 (8813 turns).

Banto the Carver (Demigod Wanderer)                 Turns: 8813, Time: 00:11:39

Health: -2/67      AC:  7    Str: 17    XL:     9   Next: 12%
Magic:  12/12      EV: 11    Int: 16    God:
Gold:   341        SH:  6    Dex: 19    Spells: 8/8 levels left

rFire    . . .     SeeInvis .   w - +2 dagger (elec)
rCold    . . .     Gourm    .   d - +0 buckler
rNeg     + . .     Faith    .   z - +2 leather armour "Fifits" {MR+}
rPois    .         Spirit   .   (no helmet)
rElec    .         Reflect  .   (no cloak)
rCorr    .         Harm     .   m - +1 pair of gloves
MR       +....                  (no boots)
Stlth    +.........             A - amulet of regeneration
HPRegen  0.61/turn              p - ring of positive energy
MPRegen  0.13/turn              y - ring of attention (curse)

@: no status effects
A: high mp 1
a: no special abilities


You were on level 8 of the Dungeon.
You were not hungry.

You visited 1 branch of the dungeon, and saw 8 of its levels.

You collected 341 gold pieces.

Inventory:

Hand Weapons
 e - a +2 dagger of venom
 w - a +2 dagger of electrocution (weapon)
 B - a +2 long sword of slicing
Missiles
 j - 14 tomahawks
 s - 2 throwing nets (quivered)
Armour
 d - a +0 buckler (worn)
 m - a +1 pair of gloves (worn)
 z - the +2 leather armour "Fifits" (worn) {MR+}
   (You found it on level 5 of the Dungeon)

   It affects your resistance to hostile enchantments.
Jewellery
 p - a ring of positive energy (left hand)
 r - an uncursed amulet of rage
 y - a cursed ring of attention (right hand)
 A - an amulet of regeneration (around neck)
Wands
 n - a wand of iceblast (3)
 C - a wand of flame (14)
Scrolls
 b - 4 scrolls of teleportation
 k - 2 scrolls of remove curse
 q - a scroll of fear
 u - a scroll of blinking
 v - 4 scrolls of identify
 x - a scroll of enchant armour
Potions
 a - 2 potions of berserk rage
 c - 2 potions of lignification
 g - 2 potions of brilliance
 h - 2 potions of curing
 i - 2 potions of agility
 l - 3 potions of invisibility
 o - 4 potions of might
 t - 2 potions of haste
 D - a potion of resistance
Comestibles
 f - 11 rations
 E - 5 chunks of flesh


   Skills:
 - Level 1.7 Fighting
 + Level 10.9 Long Blades
   Level 1.7 Axes
 - Level 1.0 Armour
 - Level 1.0 Dodging
 - Level 1.0 Stealth
 - Level 4.0 Shields
 - Level 1.0 Evocations


You had 8 spell levels left.
You didn't know any spells.
Your spell library was empty.

Dungeon Overview and Level Annotations

Branches:
Dungeon (8/15)             Temple (0/1) D:7
   Lair: D:8-11

Annotations:
D:8 Gastronok


Innate Abilities, Weirdness & Mutations

You have an increased reservoir of magic. (+10% MP)


Message History

Wield which item (- for none, * to show all)? (? for menu, Esc to quit)
Your +2 dagger of venom stops dripping with poison.
You hear the crackle of electricity.
w - a +2 dagger of electrocution (weapon)
The quokka bites you but does no damage.
You barely miss the quokka. You block the quokka's attack.
You hit the quokka.
The quokka is moderately wounded.
Gastronok bites you!!
You closely miss the quokka.
The quokka is moderately wounded.
The quokka bites you.
You hit the quokka.
The quokka is almost dead.
The quokka bites you.
You hit the quokka.
You kill the quokka!
The quokka's corpse disappears in a puff of smoke!
Gastronok bites you!!
You die...

#......#.#.>#####.#
#......# ##.#<###.#
#......# ##.#.....#
#......#.##.#######
#........##.#...
#.....#####.#.#
#.#...........#
#.#########.###############
#.# #....w@ยง........# #.#
#############.### #.#
####.# #.# #....#
#.########## #.####
#..........# #)#
#.########.# #.# #)#
#.#########.# #.#
#...........#


You could see Gastronok.

Vanquished Creatures
  Joseph (D:7)
  A hungry ghost (D:7)
  A sky beast (D:6)
  A black bear (D:6)
  2 ogres
  3 phantoms
  A centaur (D:5)
  A gnoll sergeant (D:5)
  3 bullfrogs (D:7)
  3 scorpions
  5 killer bees (D:7)
  A centaur zombie (D:6)
  A crimson imp (D:7)
  A bullfrog skeleton (D:5)
  5 orc wizards
  2 orc priests (D:7)
  3 hounds
  An iguana (D:6)
  7 worker ants
  6 gnolls
  10 adders
  2 shadow imps
  2 oozes
  An adder zombie (D:5)
  3 worms
  10 dart slugs
  2 leopard geckos
  24 orcs
  3 giant cockroaches
  4 goblins
  6 hobgoblins
  7 jackals
  4 quokkas
  3 ball pythons
  8 bats
  4 frilled lizards
  7 kobolds
  6 rats
155 creatures vanquished.

Notes
Turn   | Place    | Note
-------+----------+-------------------------------------------
     0 | D:1      | Banto the Demigod Wanderer began the quest for the Orb.
     0 | D:1      | Banto set off with the following items: a +2 falchion, a
                  | scroll of teleportation, a potion of lignification, a +0
                  | robe, a ration
     0 | D:1      | Reached XP level 1. HP: 17/17 MP: 3/3
    32 | D:1      | Reached skill level 2 in Long Blades
   279 | D:1      | Reached XP level 2. HP: 24/24 MP: 5/5
   455 | D:1      | Reached skill level 3 in Long Blades
   732 | D:1      | Reached XP level 3. HP: 29/29 MP: 6/6
  1358 | D:2      | Reached skill level 4 in Long Blades
  1805 | D:2      | Reached XP level 4. HP: 36/36 MP: 7/7
  3148 | D:4      | Reached skill level 5 in Long Blades
  3155 | D:4      | Noticed a phantom
  3169 | D:4      | Reached XP level 5. HP: 35/41 MP: 8/8
  4085 | D:4      | Killed a phantom
  4085 | D:4      | Reached skill level 6 in Long Blades
  4215 | D:4      | Reached XP level 6. HP: 32/48 MP: 9/9
  4630 | D:5      | Entered Level 5 of the Dungeon
  4748 | D:5      | Found a glowing silver altar of Zin.
  4764 | D:4      | HP: 2/48 [poisoned by a worker ant]
  5164 | D:5      | Got a crude leather armour
  5175 | D:5      | Identified the +2 leather armour "Fifits" {MR+} (You found
                  | it on level 5 of the Dungeon)
  5208 | D:5      | Reached skill level 7 in Long Blades
  5272 | D:5      | Found an iron altar of Okawaru.
  5734 | D:5      | Reached XP level 7. HP: 50/53 MP: 10/10
  6188 | D:5      | Reached skill level 8 in Long Blades
  6645 | D:6      | Reached skill level 1 in Shields
  6742 | D:6      | Reached skill level 9 in Long Blades
  6742 | D:6      | Reached XP level 8. HP: 58/60 MP: 11/11
  6814 | D:6      | Found a snail-covered altar of Cheibriados.
  6981 | D:7      | Noticed Joseph
  7649 | D:7      | Reached skill level 10 in Long Blades
  7673 | D:7      | HP: 1/60 [something/puff of flame (6)]
  7933 | D:7      | Found a staircase to the Ecumenical Temple.
  8404 | D:7      | Killed Joseph
  8404 | D:7      | Reached XP level 9. HP: 35/67 MP: 12/12
  8682 | D:8      | Noticed Gastronok
  8813 | D:8      | Slain by Gastronok

Skill      XL: |  1  2  3  4  5  6  7  8 |
---------------+-------------------------+-----
Long Blades    | 2 3 4 5 6 7 9 10 | 10.9
Shields        | 2 4 |  4.0
Fighting       | |  1.7
Axes           | |  1.7
Armour         | |  1.0
Dodging        | |  1.0
Stealth        | |  1.0
Evocations     | |  1.0

Action                   |  1- 3 |  4- 6 |  7- 9 || total
-------------------------+-------+-------+-------++-------
Melee: Falchion          |     9 |     6 |       ||    15
       Dagger            |   114 |   224 |   353 ||   691
Throw: Throwing net      |       |       |     2 ||     2
 Abil: Evoke Berserk Rag |       |     1 |       ||     1
Evoke: Wand              |       |       |     1 ||     1
  Use: Scroll            |       |    13 |     5 ||    18
       Potion            |       |     2 |     2 ||     4
 Stab: Sleeping          |     9 |     1 |       ||    10
  Eat: Chunk             |     3 |    12 |    12 ||    27
Armor: Robe              |    27 |     2 |       ||    29
       Leather armour    |       |    23 |    79 ||   102
       Skin              |       |    11 |       ||    11
       Ring mail         |       |     2 |       ||     2
       Chain mail        |       |     1 |       ||     1
Dodge: Dodged            |    83 |    95 |   110 ||   288
Block: Buckler           |       |       |    50 ||    50
       Rpst.: Falchion   |     2 |       |       ||     2
